Map: Automaton LE

Players

Nerchio

  • Race: Zerg Zerg
  • League: Master
  • Spawn Location: 3:00

Bunny - Winner!

  • Race: Terran Terran
  • League: Diamond
  • Spawn Location: 9:00

Event: IEM Season 13 - Katowice Server Qualifiers Europe

VOD

Have the link to the VOD?

Description

Time

  • Played on: Jan. 8, 2019, 9:45 a.m.
  • Length: 17:01

All games in this series

Show
View Real Time Build Order
Export as new Build Order

Nerchio Zerg 

Build Orders: Hatch First 

Get SALT Encoding   

  12  0:00  Drone  
  13  0:12  Overlord  
  13  0:18  Drone  
  14  0:31  Drone x2  
  16  0:49  Hatchery  
  15  0:52  Drone  
  15  0:55  Drone  
  17  0:59  Drone  
  18  1:05  Extractor  
  17  1:15  Spawning Pool  
  16  1:19  Drone  
  16  1:23  Drone  
  18  1:28  Drone  
  19  1:38  Overlord  
  19  1:49  Drone  
  20  2:02  Queen x2  
  20  2:03  Zergling x2  
  20  2:04  Zergling x2  
  26  2:11  Metabolic Boost  
  26  2:15  Drone  
  27  2:17  Drone  
  27  2:21  Drone  
  29  2:23  Drone  
  30  2:41  Hatchery  
  30  2:43  Drone  
  30  2:46  Drone  
  30  2:51  Overlord  
  31  2:54  Drone  
  31  2:55  Drone  
  33  2:58  Drone  
  33  3:05  Queen  
  36  3:13  Drone x3  
  36  3:15  Drone  
  36  3:16  Drone  
  36  3:18  Drone  
  42  3:22  Overlord  
  42  3:28  Queen  
  44  3:34  Overlord  
  44  3:41  Zergling x2  
  44  3:42  Zergling x6  
  44  3:44  Zergling x4  
  50  3:49  Queen  
  50  3:54  Baneling Nest  
  51  3:57  Queen  
  51  4:00  Overlord  
  53  4:03  Drone  
  53  4:04  Drone  
  53  4:06  Drone  
  53  4:08  Drone  
  53  4:09  Drone  
  58  4:12  Drone  
  58  4:18  Drone x4  
  58  4:23  Drone  
  61  4:24  Drone x2  
  61  4:25  Drone  
  61  4:28  Drone x2  
  64  4:31  Drone  
  64  4:34  Spore Crawler  
  64  4:36  Lair  
  64  4:40  Spore Crawler  
  64  4:41  Spore Crawler  
  64  4:43  Drone  
  64  4:45  Overlord  
  63  4:47  Overlord  
  64  4:52  Zergling x2  
  64  4:53  Zergling x4  
  64  4:56  Extractor  
  64  4:57  Extractor, Drone  
  64  4:58  Drone  
  66  5:02  Overlord  
  66  5:03  Overlord  
  66  5:09  Drone x6  
  72  5:14  Drone  
  72  5:18  Drone  
  72  5:20  Drone  
  76  5:21  Drone x2  
  76  5:22  Drone  
  76  5:26  Extractor, Evolution Chamber  
  76  5:27  Evolution Chamber  
  74  5:35  Extractor, Overseer  
  73  5:36  Drone x6  
  73  5:39  Overlord  
  73  5:40  Drone x2  
  81  5:43  Extractor  
  81  5:47  Queen  
  81  5:49  Drone x2  
  82  5:52  Drone  
  82  5:53  Drone  
  83  5:58  Drone  
  83  5:59  Drone x3  
  83  6:04  Hatchery  
  83  6:05  Drone x2  
  83  6:06  Drone  
  85  6:12  Centrifical Hooks  
  85  6:13  Drone  
  85  6:14  Hydralisk Den, Drone x2  
  85  6:15  Drone  
  85  6:16  Drone  
  89  6:23  Zerg Missile Weapons Level 1  
  89  6:30  Zerg Ground Armor Level 1  
  89  6:31  Zergling x12  
  95  6:37  Zergling x2  
  96  6:42  Overlord x4  
  96  6:43  Infestation Pit  
  95  6:52  Zergling x8  
  98  6:59  Drone x2  
  98  7:00  Drone  
  100  7:01  Grooved Spines  
  100  7:05  Zergling x10  
  103  7:10  Zergling x2  
  103  7:11  Zergling x10  
  103  7:14  Queen  
  107  7:18  Zergling x6  
  103  7:34  Drone x5  
  102  7:39  Drone x3  
  102  7:41  Hydralisk x2  
  109  7:50  Hydralisk, Baneling x5  
  109  7:51  Hatchery, Hydralisk x2  
  111  7:57  Hydralisk x3  
  120  8:07  Zergling x14  
  120  8:11  Overlord x2  
  120  8:12  Overlord  
  127  8:13  Muscular Augments  
  127  8:26  Zerg Ground Armor Level 2  
  127  8:27  Zerg Melee Weapons Level 1  
  127  8:29  Zergling x2  
  127  8:30  Zergling x10  
  133  8:36  Drone x2  
  133  8:37  Drone  
  133  8:40  Hive  
  129  8:43  Spire  
  129  8:45  Drone  
  129  8:46  Drone x3  
  130  8:52  Zergling x18  
  138  9:03  Zergling x8  
  141  9:13  Zergling x22  
  151  9:25  Zergling x10  
  154  9:33  Zergling x4  
  154  9:35  Baneling x23  
  154  9:37  Drone  
  154  9:38  Drone  
  156  9:40  Pneumatized Carapace  
  156  9:41  Overlord  
  156  9:42  Spore Crawler  
  156  9:45  Zergling x16  
  162  9:51  Overlord x2  
  162  9:56  Overlord x2  
  162  9:57  Extractor  
  158  10:04  Zergling x18  
  143  10:11  Zergling x2  
  143  10:12  Zergling x12  
  143  10:13  Zergling x2  
  147  10:17  Greater Spire  
  147  10:18  Ultralisk Cavern  
  147  10:19  Hydralisk x4  
  140  10:24  Zerg Melee Weapons Level 2  
  136  10:31  Zergling x6  
  136  10:32  Zergling x14  
  136  10:35  Zergling x2  
  147  10:39  Drone x5  
  152  10:43  Infestor x2  
  152  10:47  Viper x2  
  156  11:12  Zergling x28  
  156  11:15  Hatchery  
  163  11:21  Drone x4  
  163  11:23  Hatchery  
  160  11:30  Zergling x22  
  168  11:37  Baneling x15  
  168  11:40  Zergling x8  
  168  11:47  Drone x3  
  173  11:50  Zerg Ground Armor Level 3  
  167  12:07  Hydralisk x9  
  150  12:11  Zergling x8  
  138  12:17  Zergling x12  
  137  12:23  Zergling x2  
  137  12:24  Zergling x6  
  137  12:29  Baneling x7  
  140  12:31  Viper  
  140  12:34  Zergling x4  
  143  12:38  Queen  
  143  12:42  Drone x5  
  146  12:51  Zergling x20  
  156  13:03  Viper  
  159  13:06  Zergling x16  
  167  13:14  Hatchery  
  167  13:17  Queen, Chitinous Plating  
  168  13:21  Extractor  
  168  13:23  Extractor  
  165  13:30  Overlord  
  165  13:32  Zergling x2  
  165  13:33  Zergling x18  
  175  13:41  Drone x6  
  178  13:43  Hatchery  
  178  13:44  Extractor  
  178  13:59  Ultralisk  
  178  14:01  Ultralisk  
  190  14:07  Baneling x3  
  190  14:15  Zergling x2  
  190  14:16  Zergling x18  
  198  14:23  Zergling x4  
  198  14:24  Zergling x2  
  191  14:36  Anabolic Synthesis  
  179  14:43  Ultralisk  
  179  14:44  Ultralisk  
  179  14:45  Zergling x30  
  169  14:53  Zergling x2  
  169  14:56  Zergling x2  
  169  14:57  Zergling x12  
  170  15:04  Queen  
  178  15:22  Zergling x2  
  178  15:23  Zergling x16  
  187  15:29  Hatchery  
  182  15:36  Infestor x2  
  182  15:38  Drone x2  
  180  15:45  Ultralisk x2  
  180  15:46  Hatchery  
  191  15:53  Zergling x4  
  191  15:54  Zergling x8  
  183  16:08  Unknown  
  183  16:09  Ultralisk  
  164  16:12  Zergling x10  
  164  16:13  Zergling x2  
  146  16:18  Zergling x2  
  146  16:24  Zergling x6  
  146  16:26  Baneling x9  
  146  16:29  Zergling x4  
  146  16:30  Zergling x2  
  149  16:33  Zergling x4  
  146  16:41  Zergling x4  
  143  16:52  Hatchery  
Show
View Real Time Build Order
Export as new Build Order

Bunny Terran - Winner!

Build Orders: Reaper Expand, Hellion Banshee 

Get SALT Encoding   

  12  0:01  SCV  
  13  0:13  SCV  
  14  0:17  Supply Depot  
  14  0:25  SCV  
  15  0:39  SCV  
  15  0:41  Barracks  
  16  0:44  Refinery  
  16  0:51  SCV  
  17  1:03  SCV  
  18  1:15  SCV  
  19  1:28  Orbital Command  
  19  1:29  Reaper  
  20  1:42  Command Center  
  20  1:52  Supply Depot  
  20  1:54  SCV  
  21  2:01  Marine  
  22  2:06  SCV  
  23  2:09  Factory  
  23  2:18  SCV  
  23  2:19  Refinery  
  24  2:23  Barracks Reactor  
  24  2:30  SCV  
  25  2:42  SCV  
  26  2:54  SCV  
  26  2:55  Starport  
  26  2:56  Orbital Command  
  27  3:04  Hellion x2  
  31  3:06  SCV  
  31  3:10  Barracks Tech Lab  
  32  3:15  Supply Depot  
  32  3:18  SCV  
  33  3:23  SCV  
  33  3:25  Hellion  
  33  3:26  Hellion  
  38  3:34  SCV  
  38  3:35  SCV  
  38  3:37  Banshee  
  38  3:38  Cloaking Field  
  38  3:39  Marine  
  44  3:47  Hellion  
  48  3:48  Hellion  
  48  3:50  Supply Depot  
  48  3:53  SCV x2  
  50  4:05  SCV x2  
  52  4:20  Banshee  
  52  4:22  SCV x2  
  53  4:24  Command Center  
  53  4:34  SCV  
  53  4:35  Barracks Tech Lab, SCV  
  55  4:44  Barracks  
  55  4:45  Barracks  
  55  4:47  SCV x2  
  55  4:49  Factory Reactor, Supply Depot  
  57  4:54  Stimpack  
  57  4:55  Marine  
  58  5:01  SCV x2  
  58  5:06  Engineering Bay x2  
  60  5:13  Marine  
  61  5:15  SCV x2  
  61  5:17  Refinery  
  61  5:18  Refinery  
  63  5:25  Starport Reactor  
  63  5:28  SCV x2  
  65  5:35  Marine x2  
  66  5:38  Terran Infantry Armor Level 1, Terran Infantry Weapons Level 1  
  66  5:40  Orbital Command  
  66  5:41  Marine  
  68  5:45  Factory Tech Lab, SCV  
  68  5:46  Marine x2, SCV  
  72  5:53  Marine  
  72  5:55  Marine  
  74  5:59  Marine  
  74  6:04  Marine x2, Medivac x2  
  67  6:05  Orbital Command  
  67  6:06  Siege Tank  
  67  6:10  SCV x2  
  74  6:14  Marine x2, Supply Depot  
  74  6:15  Barracks x2  
  74  6:17  Marine  
  77  6:21  Supply Depot  
  77  6:22  Marine, Supply Depot  
  77  6:23  SCV x2  
  80  6:31  SCV  
  81  6:35  SCV x2  
  81  6:36  Medivac  
  85  6:42  Siege Tank  
  85  6:44  SCV  
  85  6:45  Marine x2  
  85  6:46  Marine x3  
  94  6:47  SCV  
  94  6:48  SCV, Supply Depot  
  95  6:55  Combat Shield  
  95  6:56  SCV  
  95  7:00  SCV x2  
  97  7:03  Marine x2  
  97  7:04  Marine x3, Armory, Supply Depot  
  97  7:06  Medivac  
  104  7:11  SCV  
  104  7:12  SCV x2  
  106  7:16  Refinery  
  106  7:17  Siege Tank  
  106  7:20  Supply Depot  
  109  7:27  Marine  
  109  7:28  Marine x2  
  111  7:30  SCV x3  
  111  7:33  Medivac  
  111  7:36  Medivac  
  102  7:38  Marine x2  
  102  7:39  Barracks Reactor x2  
  102  7:43  Missile Turret, SCV  
  102  7:44  SCV x2  
  107  7:45  Marine, Refinery, Supply Depot  
  107  7:47  Marine x2  
  110  7:51  Terran Infantry Weapons Level 2  
  110  7:55  Supply Depot  
  110  7:56  Marine x2  
  112  8:02  Siege Tank  
  112  8:04  Marine  
  112  8:05  Marine x2  
  115  8:09  Supply Depot  
  116  8:12  Command Center  
  116  8:13  Terran Infantry Armor Level 2  
  116  8:14  Supply Depot  
  116  8:16  Marine  
  116  8:17  Marine  
  116  8:18  Marine x2  
  120  8:22  Marine x3  
  120  8:23  Marine  
  120  8:25  Medivac  
  120  8:26  Supply Depot  
  126  8:28  SCV x3  
  126  8:30  Marine  
  126  8:33  Marine  
  126  8:34  Siege Tank  
  134  8:35  Marine x2  
  134  8:36  Marine  
  137  8:44  Marauder  
  137  8:45  Marine x3  
  137  8:48  Marine  
  135  8:49  Barracks  
  135  8:50  Barracks  
  135  8:51  Marine  
  135  8:52  Barracks  
  135  8:53  Marine x3  
  139  9:05  Marine x4, Marauder  
  139  9:06  Siege Tank  
  139  9:09  Marine  
  141  9:11  Marine x3  
  141  9:12  Medivac  
  141  9:13  Medivac  
  148  9:19  Supply Depot, Sensor Tower  
  148  9:22  Concussive Shells  
  148  9:23  Marine x2  
  150  9:27  Marauder  
  152  9:34  Marine x6  
  152  9:38  Siege Tank  
  161  9:40  Marine  
  161  9:41  Marine  
  163  9:46  Medivac x2  
  163  9:47  Marauder  
  163  9:49  Barracks Reactor  
  163  9:50  Barracks Tech Lab  
  163  9:52  Marine x6  
  147  10:08  Marine  
  147  10:09  Marine x4, Planetary Fortress, Marauder  
  143  10:16  Medivac x2  
  143  10:18  Marine  
  143  10:19  Marine x4  
  141  10:26  Marine, Siege Tank  
  141  10:27  Marine x2, Marauder x2  
  151  10:28  Marine  
  151  10:29  Marine  
  151  10:30  Marine  
  154  10:35  Terran Infantry Weapons Level 3  
  154  10:36  Marine x3  
  157  10:43  Marine, Sensor Tower  
  157  10:44  Marine x3  
  157  10:45  Marine  
  157  10:46  Marine  
  157  10:47  Marine  
  157  10:48  Marauder  
  157  10:49  Terran Infantry Armor Level 3  
  166  10:54  Marine x3, Marauder x2  
  173  11:00  Siege Tank  
  176  11:09  Missile Turret  
  174  11:14  Marauder  
  174  11:16  Marine x5, Marauder x2  
  174  11:18  Marine x5  
  183  11:20  Medivac x2  
  188  11:34  Marine x5  
  188  11:35  Marauder  
  188  11:36  Marine  
  188  11:37  Marine  
  196  11:41  Marine  
  196  11:55  Terran Ship Weapons Level 1  
  196  11:58  Starport  
  196  11:59  Starport  
  196  12:00  Marine x3  
  196  12:01  Marine x2  
  196  12:02  Marine x3, Viking  
  196  12:03  Marine, Viking  
  196  12:04  Marauder  
  168  12:13  Marine x2, Marauder  
  165  12:18  Marine x2  
  165  12:19  Marine x2, Marauder  
  165  12:20  Marine x3  
  165  12:21  Marine  
  167  12:24  Marine  
  168  12:31  Marine x2  
  168  12:32  Command Center, Medivac  
  168  12:33  Medivac  
  168  12:34  Marine  
  175  12:40  Marauder  
  175  12:43  Marauder  
  179  12:45  Medivac x2  
  179  12:48  Siege Tank  
  184  12:53  Marine x7, Marauder  
  184  12:57  Marine  
  184  12:58  Marine x2  
  195  13:10  Marine, Refinery  
  195  13:12  Supply Depot  
  196  13:33  Marine x2, Marauder  
  200  13:46  Marine  
  200  13:57  Starport Reactor x2  
  200  13:58  Terran Ship Weapons Level 2  
  200  14:01  Orbital Command  
  200  14:22  Missile Turret  
  200  14:31  Marine x2, Medivac  
  200  14:32  Marine  
  200  14:33  Marauder, Medivac  
  200  14:34  Marauder  
  200  14:36  Medivac x2  
  190  14:39  Marine x7, Marauder  
  190  14:45  Medivac x2  
  198  14:47  Liberator  
  198  14:49  Marine x2  
  198  14:50  Marine  
  191  14:55  Marauder x2  
  191  14:57  Marine x6  
  194  15:00  Marauder  
  194  15:05  Marine  
  194  15:06  Sensor Tower  
  194  15:07  Marine  
  200  15:22  Liberator  
  200  15:27  Command Center  
  199  15:30  Liberator x3  
  199  15:31  Liberator x2  
  199  15:42  Fusion Core, Starport  
  197  15:51  Siege Tank  
  200  15:57  Refinery  
  160  16:21  Marauder x3  
  160  16:22  Marine x5  
  160  16:25  Marine  
  177  16:33  Starport Tech Lab  

Tags
 
Add a new tag
Caveats
  • Supply blocks, unpowered buildings, or Contaminate may cause inaccurate times.
  • Supply counts are checked every 10 seconds.